 Dungeon Crawl Stone Soup version 0.27.1-4-g1640c2035a (webtiles) character file.

Game seed: 885654765901120557

800 pkoi the Shield-Bearer (level 7, -1/57 HPs)
             Began as a Minotaur Fighter on Nov 9, 2021.
             Was an Initiate of Qazlal.
             Slain by a water moccasin (2 damage)
             ... on level 4 of the Dungeon.
             The game lasted 00:03:30 (3937 turns).

pkoi the Shield-Bearer (Minotaur Fighter)           Turns: 3937, Time: 00:03:31

Health: -1/57      AC: 11    Str: 23    XL:     7   Next: 59%
Magic:  7/7        EV:  5    Int:  5    God:    Qazlal [......]
Gold:   42         SH: 11    Dex:  9    Spells: 6/6 levels left

rFire    . . .     SeeInvis .   a - +0 long sword
rCold    . . .     Faith    .   c - +0 kite shield
rNeg     . . .     Spirit   .   h - +0 plate armour
rPois    .         Reflect  .   (helmet restricted)
rElec    .         Harm     .   (no cloak)
rCorr    .         Rampage  .   (no gloves)
Will     .....                  (no boots)
Stlth    ..........             k - amulet of magic regeneration
HPRegen  0.19/turn              (no ring)
MPRegen  0.35/turn              (no ring)

@: lethally poisoned (-1 -> -17)
A: horns 2, retaliatory headbutt
a: Renounce Religion


You were on level 4 of the Dungeon.
You worshipped Qazlal.
Qazlal was noncommittal.
You visited 2 branches of the dungeon, and saw 6 of its levels.

You collected 130 gold pieces.
You spent 88 gold pieces at shops.

Inventory:

Hand Weapons
 a - a +0 long sword (weapon)
Armour
 b - a +0 scale mail
 c - a +0 kite shield (worn)
 h - a +0 plate armour (worn)
Jewellery
 k - an amulet of magic regeneration (around neck)
Wands
 m - a wand of iceblast (9)
Scrolls
 f - a scroll of amnesia
 l - a scroll of summoning
Potions
 e - a potion of curing
 g - a potion of heal wounds
 i - a potion of lignification
 j - a potion of mutation


   Skills:
 - Level 3.6 Fighting
 + Level 7.2 Long Blades
 - Level 3.6 Armour
 + Level 7.7 Shields
 + Level 2.4 Invocations


You had 6 spell levels left.
You didn't know any spells.
Your spell library contained the following spells:

 Spells                   Type           Power      Damage    Failure   Level
 Summon Small Mammal      Summ           0%         N/A       100%        1
 Blink                    Tloc           N/A        N/A       100%        2
 Call Canine Familiar     Summ           0%         N/A       100%        3
 Summon Guardian Golem    Hex/Summ       0%         N/A       100%        3
 Manifold Assault         Tloc           0%         N/A       100%        5
 Storm Form               Tmut/Air       0%         N/A       100%        7


Dungeon Overview and Level Annotations

Branches:
Dungeon (5/15)             Temple (1/1) D:4

Altars:
Ashenzari
Cheibriados
Dithmenos
Elyvilon
Gozag
Hepliaklqana
Kikubaaqudgha
Makhleb
Nemelex Xobeh
Qazlal
Sif Muna
Trog
Uskayaw
Vehumet
Xom
Yredelemnul
Zin
The Shining One

Shops:
D:4 !

Annotations:
D:2 Sigmund


Innate Abilities, Weirdness & Mutations

You have a pair of horns on your head.
You reflexively headbutt those who attack you in melee.


Message History

The water moccasin poisons you!
Your shield and plate armour prevent you from hitting the water moccasin.
Your headbutt misses the water moccasin.
The water moccasin is moderately wounded.
You feel very sick. The water moccasin barely misses you.
You block the water moccasin's attack.
You hit the water moccasin.
The water moccasin is heavily wounded.
You feel very sick. The water moccasin bites you.
You are more poisoned.
The water moccasin poisons you! You block the water moccasin's attack.
You hit the water moccasin.
The water moccasin is heavily wounded.
You feel extremely sick. The water moccasin bites you.
* * * LOW HITPOINT WARNING * * *
You are lethally poisoned!
The water moccasin poisons you!
You closely miss the water moccasin.
Your headbutt misses the water moccasin.
The water moccasin is heavily wounded.
* * * LOW HITPOINT WARNING * * *
You feel extremely sick.
The water moccasin bites you but does no damage.
You block the water moccasin's attack.
You barely miss the water moccasin.
The water moccasin is heavily wounded.
* * * LOW HITPOINT WARNING * * *
You feel extremely sick. You block the water moccasin's attack.
Unknown command.
You miss the water moccasin. You headbutt the water moccasin!
The water moccasin is almost dead.
* * * LOW HITPOINT WARNING * * *
You feel very sick. The water moccasin bites you.
* * * LOW HITPOINT WARNING * * *
The water moccasin bites you.
You die...

#<.##.###.##....######..##
###..##.# #..#..### #...#
.....##.####...#######
#.#.#
####.##.##.....###...#
#...# #....##.##.....<..#
##).# ####....###.###.)[#
#..# #.#..# #.#l...># #..#
#....# #.#S#.))# ##.#
####....###.#@##### ###
#.............####
####................#
#).............)....#
..##................#
####..........))....#
#########...)....#
#...[....# #...>....#


You could see a water moccasin and an iguana.

Vanquished Creatures
  Menkaure (D:4)
  A water moccasin (D:4)
  A black bear (D:4)
  An ice beast (D:4)
  2 scorpions (D:4)
  2 hounds (D:4)
  A jelly (D:4)
  A bullfrog skeleton (D:3)
  Jessica (D:3)
  Natasha (D:3)
  A howler monkey skeleton (D:4)
  2 adders
  An ufetubus (D:3)
  An adder skeleton (D:4)
  4 dart slugs
  9 orcs
  5 ball pythons
  5 bats
  2 endoplasms (D:4)
  2 giant cockroaches
  4 hobgoblins
  6 jackals
  8 kobolds
  5 quokkas
  3 frilled lizards
  6 goblins
  A quokka skeleton (D:4)
  5 rats
82 creatures vanquished.

Vanquished Creatures (collateral kills)
  A jackal (D:4)
1 creature vanquished.

Grand Total: 83 creatures vanquished

Notes
Turn   | Place    | Note
-------+----------+-------------------------------------------
     0 | D:1      | pkoi the Minotaur Fighter began the quest for the Orb.
     0 | D:1      | Reached XP level 1. HP: 19/19 MP: 0/0
   153 | D:1      | Reached XP level 2. HP: 26/26 MP: 1/1
   204 | D:1      | Found a faded altar of an unknown god.
   673 | D:2      | Noticed Sigmund
   975 | D:2      | Reached XP level 3. HP: 29/29 MP: 2/2
  1292 | D:3      | Reached XP level 4. HP: 39/39 MP: 3/3
  1297 | D:2      | Noticed Jessica
  1319 | D:3      | Killed Jessica
  1320 | D:3      | Reached skill level 5 in Shields
  1466 | D:3      | Found a shimmering blue altar of Sif Muna.
  1670 | D:3      | Noticed Natasha
  1674 | D:3      | Killed Natasha
  1675 | D:3      | Reached XP level 5. HP: 42/45 MP: 4/4
  1901 | D:4      | Noticed Menkaure
  1910 | D:4      | Killed Menkaure
  1911 | D:4      | Reached skill level 5 in Long Blades
  1911 | D:4      | Reached XP level 6. HP: 12/51 MP: 5/5
  2150 | D:4      | Found a bloodstained altar of Trog.
  2157 | D:4      | Found a broken altar of Ashenzari.
  2202 | D:4      | Found Sihietoa's Distillery.
  2211 | D:4      | Bought a potion of mutation for 88 gold pieces
  2465 | D:4      | Found a staircase to the Ecumenical Temple.
  2845 | Temple   | Entered the Ecumenical Temple
  3070 | Temple   | Became a worshipper of Qazlal Stormbringer
  3298 | D:4      | Reached skill level 1 in Invocations
  3298 | D:4      | Reached XP level 7. HP: 47/57 MP: 6/6
  3533 | D:5      | Entered Level 5 of the Dungeon
  3533 | D:5      | Found a sparkling altar of Nemelex Xobeh.
  3937 | D:4      | HP: 2/57 [poisoned by a water moccasin]
  3937 | D:4      | Slain by a water moccasin

Illustrated notes

Levels and vault maps discovered:
D:1:      scummos_arrival_star, layout_basic,
          hellmonk_ecumenical_altar_pennies_from_heaven
D:2:      layout_rooms, uniq_crazy_yiuf_cottage, uniq_jessica, uniq_sigmund
D:3:      layout_loops_cross, mainiacjoe_overflow_catwalk, uniq_natasha
D:4:      layout_rooms, grunt_temple_overflow_open,
          minmay_temple_entry_large_hall, serial_shops, nicolae_shop_crystal,
          uniq_menkaure
D:5:      layout_rooms, mainiacjoe_overflow_chevrons, minmay_misc_feat_tower
Temple:   nicolae_temple_great_sept

Skill      XL: |  1  2  3  4  5  6  7 |
---------------+----------------------+-----
Shields        | 4 5 6 7 |  7.7
Long Blades    | 3 4 5 6 7 |  7.2
Invocations    | 1 2 |  2.4
Fighting       | |  3.6
Armour         | |  3.6

Action                   |  1- 3 |  4- 6 |  7- 9 || total
-------------------------+-------+-------+-------++-------
Melee: Long sword        |    88 |   123 |    30 ||   241
       Headbutt          |     8 |    16 |     4 ||    28
  Use: Scroll            |     6 |     5 |       ||    11
       Potion            |       |     2 |     1 ||     3
Armor: Scale mail        |    40 |     7 |       ||    47
       Plate armour      |       |    77 |    33 ||   110
       Skin              |       |     7 |       ||     7
Dodge: Dodged            |    24 |    28 |    19 ||    71
Block: Kite shield       |    51 |   106 |    43 ||   200
       Rpst.: Long sword |     3 |     3 |     5 ||    11
